[Event "Dutch Open 2022"]
[Site "Dieren"]
[Date "2022.07.28"]
[Round "3.10"]
[White "Stillger, Bernhard"]
[Black "Manukonda Arun"]
[Result "1/2-1/2"]
[ECO "D02"]
[WhiteElo "2245"]
[BlackElo "2021"]
[Annotator "TA"]
[PlyCount "82"]
[EventDate "2022.07.14"]
[EventType "swiss"]
[EventCountry "NED"]
[SourceTitle "playchess.com"]
[Source "ChessBase"]
[SourceQuality "1"]
[TimeControl "40/5400+30:1800+30"]

1. Nf3 d5 2. g3 Nc6 3. d4 Bf5 4. Bg2 Nb4 5. Na3 e6 6. c3 {[%emt 0:00:00] D02: 1 d4 d5 2 Nf3 sidelines, including 2...Nf6 3 g3 and 2...Nf6 3 Bf4.} Nc6 7. Qb3 Rb8 8. O-O {[%emt 0:00:00] [#]} Be4 $146 ({Predecessor:} 8... Be7 9. Bf4 a6 10. Ne5 Nf6 11. Rfd1 O-O 12. c4 Nb4 13. Rac1 c6 14. c5 a5 {0-1 (43) Svidler,P (2756)-Bauer,C (2626) Porto Carras 2018}) 9. Re1 Nf6 10. Bg5 Be7 11. Nd2 Bxg2 12. Kxg2 O-O 13. Bxf6 Bxf6 14. e4 a6 15. Nc2 b5 16. Nb4 (16. Ne3 $14) 16... Nxb4 $11 17. Qxb4 Be7 18. Qb3 b4 19. c4 dxe4 20. Rxe4 c5 21. Nf3 cxd4 22. Rxd4 Qc7 23. Rad1 Rfd8 {[%emt 0:01:54] Inhibits Rd7.} 24. Qc2 Qc6 25. b3 Rxd4 26. Rxd4 Bf6 27. Qe4 Qc7 28. Rd3 Rc8 29. g4 h6 30. h4 Qa5 {[%emt 0:01:43] Prevents g5.} 31. Rd7 Rd8 $1 32. Rxd8+ Qxd8 {[%emt 0:00:52][%mdl 4096] Endgame KQB-KQN} 33. c5 Qa5 (33... a5 $11 {and Black stays safe.}) 34. g5 (34. Qa8+ $18 Kh7 35. Qa7) 34... hxg5 (34... Be7 $16) 35. hxg5 $18 Be7 36. c6 g6 (36... Bd6 $16) 37. Qf4 {[%emt 0:03:53] Strongly threatening Ne5.} Bd8 38. Qd6 (38. Ne5 $18 Qc7 39. Kf3) 38... Kg7 {[%emt 0:01:51] [#]} ({Black should play} 38... Bc7 $11 39. Qe7 Bb6) 39. Qd4+ $2 (39. Qe5+ $1 $16 Kf8 40. Qxa5 (40. Qh8+ Ke7 $14) 40... Bxa5 41. Ne5) 39... Kg8 $11 40. Qd6 Kg7 {[%emt 0:00:01] [#]} (40... Bc7 $11 {keeps the balance.} 41. Qd4 Qf5) 41. Qd4+ (41. Qe5+ $1 $16 Kf8 42. Qxa5 (42. Qh8+ Ke7 $14) 42... Bxa5 43. Ne5) 41... Kg8 {[%emt 0:03:07] Weighted Error Value: White=0.27 (precise) /Black=0.35} 1/2-1/2

[Event "Dutch Open 2022"]
[Site "Dieren"]
[Date "2022.07.28"]
[Round "3.11"]
[White "Achuthan, Dylan"]
[Black "Mollema, Thomas"]
[Result "0-1"]
[ECO "A08"]
[WhiteElo "1989"]
[BlackElo "2235"]
[Annotator "TA"]
[PlyCount "63"]
[EventDate "2022.07.14"]
[EventType "swiss"]
[EventCountry "NED"]
[SourceTitle "playchess.com"]
[Source "ChessBase"]
[SourceQuality "1"]
[TimeControl "40/5400+30:1800+30"]

1. Nf3 d5 2. g3 Nf6 3. Bg2 c5 4. d3 Nc6 5. Nbd2 g6 6. O-O Bg7 7. e4 O-O 8. c3 e5 9. Re1 Re8 10. a4 h6 11. exd5 Nxd5 12. Nc4 Bf5 {[%emt 0:11:20] A08: King's Indian Attack.} 13. Ne3 Nxe3 14. Bxe3 Qd6 (14... Bxd3 $15 15. Bxc5 b6) 15. Nd2 $11 {[%emt 0:00:00] [#]} Qxd3 $146 ({Much less strong is} 15... Bxd3 16. Ne4 Qd8 17. Nxc5 $16) ({Predecessor:} 15... b6 16. Ne4 Qc7 17. Qf3 Rac8 18. h3 Qe7 19. g4 Bxe4 20. dxe4 {½-½ (36) Klenburg,M (2379)-Rabinovich,A (2442) Israel 2002}) 16. Bxc5 (16. a5 $5 ) 16... Rad8 17. Be3 Na5 18. Bf1 Qd7 19. Bb5 Nc6 20. Qb3 Bh3 21. Bf1 (21. Rad1 $11) 21... Bxf1 22. Rxf1 e4 (22... Nd4 $5 23. cxd4 exd4 $15) 23. Kg2 {[%emt 0:04:43] Prevents Qh3+.} (23. Rad1 $11 {remains equal.}) 23... b6 $17 24. Nc4 {[%emt 0:02:16] [#]} Qe6 $1 25. Nd2 {[%emt 0:01:05] [#]} Qf5 (25... Rd5 $1 $17 26. h3 Red8) 26. Qb5 Ne5 {[%emt 0:00:14][%cal Bc6e5,Be5d3,Bd3b2][%mdl 32] Black is more active.} 27. Bf4 (27. a5 $15) 27... Re6 ({Better is} 27... Qe6 $17 {Threatens to win with ...Rd5.} 28. a5 Nd3) 28. Qe2 $2 {[%emt 0:01:02] White does not recover from this.} (28. Nc4 $11 {and White has nothing to worry.}) 28... Nd3 $19 29. Be3 Nxb2 30. Nb3 Bxc3 31. Rac1 Bg7 ({Don't blunder} 31... Nxa4 $2 32. Qa6 b5 33. Qxa7) 32. Rfd1 $2 {[%emt 0:00:53] Weighted Error Value: White=0.41/Black=0.23 (precise)} (32. Ra1) 0-1

[Event "Dutch Open 2022"]
[Site "Dieren"]
[Date "2022.07.28"]
[Round "3.12"]
[White "Shakhverdian, William"]
[Black "Albers, Sasa"]
[Result "1/2-1/2"]
[ECO "B11"]
[WhiteElo "2040"]
[BlackElo "2203"]
[Annotator "TA"]
[PlyCount "56"]
[EventDate "2022.07.14"]
[EventType "swiss"]
[EventCountry "NED"]
[SourceTitle "playchess.com"]
[Source "ChessBase"]
[SourceQuality "1"]
[TimeControl "40/5400+30:1800+30"]

1. e4 c6 2. Nc3 d5 3. Qf3 dxe4 4. Nxe4 Nd7 5. d4 Ndf6 6. c3 Nxe4 7. Qxe4 Nf6 8. Qc2 {[%emt 0:00:04] B11: Caro-Kann: Two Knights Variation.} Qd5 9. Nf3 {[%emt 0:00:15] Against e5} Bf5 10. Qb3 {[%emt 0:00:47] White has an edge.} Qxb3 11. axb3 e6 12. b4 Bd6 {[%emt 0:03:16] [#]} 13. Bc4 $146 ({Predecessor:} 13. b5 cxb5 14. Bxb5+ Ke7 15. Ne5 a6 16. Be2 Rhd8 17. g4 Bc2 18. h4 Rac8 19. Nc4 {½-½ (36) Nowak,I (2210)-Delgado,R (2202) LSS email 2018}) 13... h6 14. O-O O-O 15. Re1 Nd7 16. h3 a6 17. Bb3 Bc7 {[%emt 0:02:42] The position is equal.} 18. Be3 Rfe8 19. g4 Bh7 20. Red1 Rad8 21. Ne1 Nb6 22. Nd3 Bxd3 23. Rxd3 Nd5 24. Bd2 Nf4 25. Bxf4 Bxf4 26. Rad1 Rd7 27. Kg2 Red8 28. Kf3 Bc7 {[%emt 0:02:10] A balanced but interesting game.  Weighted Error Value: White=0.05 (flawless) /Black=0.03 (flawless)} 1/2-1/2

[Event "Dutch Open 2022"]
[Site "Dieren"]
[Date "2022.07.28"]
[Round "3.13"]
[White "Vos, Tjark"]
[Black "Saketh, Pedagandham"]
[Result "1-0"]
[ECO "C89"]
[WhiteElo "2224"]
[BlackElo "1928"]
[Annotator "TA"]
[PlyCount "91"]
[EventDate "2022.07.14"]
[EventType "swiss"]
[EventCountry "NED"]
[SourceTitle "playchess.com"]
[Source "ChessBase"]
[SourceQuality "1"]
[TimeControl "40/5400+30:1800+30"]

1. e4 e5 2. Nf3 Nc6 3. Bb5 a6 4. Ba4 Nf6 5. O-O Be7 6. d3 b5 7. Bb3 O-O 8. c3 d5 9. Nbd2 Bg4 10. h3 Bh5 11. Re1 dxe4 {[%emt 0:01:11] C89: Closed Ruy Lopez: Marshall Attack.} 12. dxe4 Re8 {[%emt 0:02:51] [#]} 13. Qe2 $146 ({Predecessor:} 13. Nf1 Qxd1 14. Bxd1 Rad8 15. Ng3 Bg6 16. Bc2 Bf8 17. Nh4 Na5 18. Nxg6 hxg6 19. b3 c5 20. Be3 Nb7 21. Rad1 Be7 22. Rxd8 Rxd8 23. Rd1 Rxd1+ {½-½ (23) Martinez Gallardo,J (1617)-Garcia Gonzalez,P (1821) Madrid 2018}) 13... Bf8 {[%emt 0:00:57] White is slightly better.} 14. Nf1 Na5 15. Bc2 c5 16. Ng3 Bg6 17. Nh4 Nc6 (17... Nh5 $14 18. Ngf5 (18. Nxh5 Qxh4 19. Ng3 Qf6 $11) (18. Nxg6 Nxg3 19. Qf3 hxg6 $14) 18... Bxf5 19. Nxf5 Nf4) 18. Qf3 Qc7 19. Nhf5 Rad8 (19... Nd8 $14) 20. Bg5 $16 Re6 21. Rad1 Ne7 22. h4 c4 (22... Rxd1 $16 {keeps fighting.} 23. Rxd1 h5) 23. Rxd8 $18 Qxd8 {[%emt 0:00:33] [#]} 24. h5 $1 Bxf5 25. exf5 Rd6 26. Rxe5 h6 27. Bxf6 gxf6 28. Re2 Rd2 29. Ne4 Rxe2 30. Qxe2 Nc6 31. b3 Ne5 32. Qe3 Kh8 (32... cxb3 $142 33. axb3 (33. Bxb3 Kg7 $16) 33... a5) 33. Qa7 ({Better is} 33. b4) 33... Qa5 $16 34. f4 (34. Qd4 $16 Be7 35. a4) 34... Qxa2 $11 35. fxe5 Qxc2 36. Qxf7 {[%emt 0:02:13] Active counter play!} Qxe4 $4 {[%emt 0:04:43][%mdl 8192] [#]} (36... Bc5+ $11 37. Nxc5 Qc1+ 38. Kh2 Qf4+ 39. g3 Qf2+ 40. Kh3 Qf1+ 41. Kh4 Qh1+ 42. Kg4 Qd1+ 43. Kh4 Qh1+ 44. Kg4 Qd1+ 45. Kf4 (45. Kh4 Qh1+ $16) 45... Qf1+ 46. Ke4 (46. Kg4 Qe2+ 47. Kh3 Qf1+ 48. Kh4 Qh1+ $16) 46... Qg2+ 47. Kd4 (47. Kf4 Qf1+ 48. Ke4 Qh1+ 49. Kf4 Qc1+ 50. Kg4 Qd1+ $16) 47... Qd2+ 48. Ke4 Qg2+ 49. Kf4 Qf2+ 50. Kg4 Qe2+ 51. Kh3 Qf1+ 52. Kh4 Qh1+) 37. Qxf8+ {[%emt 0:00:06] KQ-KQ} Kh7 38. Qf7+ Kh8 39. Qxf6+ Kg8 40. Qg6+ Kf8 41. Qxh6+ Ke8 42. Qg6+ Kd8 43. Qb6+ Ke8 44. Qb8+ Ke7 45. f6+ Kd7 46. Qd6+ {[%emt 0:00:16] Weighted Error Value: White=0.14 (very precise) /Black=0.58} 1-0

[Event "Dutch Open 2022"]
[Site "Dieren"]
[Date "2022.07.28"]
[Round "3.14"]
[White "Ochs, Daniel Elias"]
[Black "Op den Dries, Johan"]
[Result "1/2-1/2"]
[ECO "D07"]
[WhiteElo "2156"]
[BlackElo "2104"]
[Annotator "TA"]
[PlyCount "57"]
[EventDate "2022.07.14"]
[EventType "swiss"]
[EventCountry "NED"]
[SourceTitle "playchess.com"]
[Source "ChessBase"]
[SourceQuality "1"]
[TimeControl "40/5400+30:1800+30"]

1. d4 d5 2. c4 Nc6 3. Nf3 Bg4 4. Nc3 e6 5. cxd5 exd5 6. Qb3 {[%emt 0:00:12][%csl LRb7,LRd5] D07: Queen's Gambit: Chigorin Defence.} Bb4 7. Ne5 Bxc3+ 8. bxc3 Nxe5 9. dxe5 Ne7 10. Ba3 Be6 {[%emt 0:03:32] [#]} 11. Qxb7 $146 ({Predecessor:} 11. Rd1 O-O 12. e4 Re8 13. exd5 Nxd5 14. c4 Qg5 15. Qg3 Qxg3 16. hxg3 Nb6 17. Rh4 {0-1 (37) Rabadan Velasco,R (2325)-Flores Chico,J (2096) Burguillos 2007}) 11... O-O 12. e3 Re8 13. Be2 Ng6 14. O-O {[%emt 0:02:19] White is more active.} (14. f4 $16) 14... Nxe5 $11 15. Rad1 Rb8 16. Qa6 Qf6 17. f4 ({Don't go for} 17. Qxa7 $2 Ra8 18. Qc5 Nd7 $17) 17... Nc4 18. Bxc4 dxc4 19. f5 Bc8 20. Qxf6 ({Wrong is} 20. Qxc4 $2 Ba6 21. Qxc7 Bxf1 22. Rxf1 Rbc8 23. Qxa7 Qxc3 $19) 20... gxf6 21. Rf4 $36 {[%emt 0:00:31][%mdl 2048] White has some pressure.} Rb5 (21... h5 $11 {remains equal.}) 22. Rg4+ Kh8 23. Be7 {[%emt 0:03:07][%cal Re7f6] [#]} Rxf5 24. e4 Rf1+ 25. Rxf1 Bxg4 26. Bxf6+ Kg8 27. Rb1 h6 28. Bd4 Rxe4 29. Bxa7 {[%emt 0:00:13] Weighted Error Value: White=0.14 (very precise) /Black=0.17 (very precise)} 1/2-1/2

[Event "Dutch Open 2022"]
[Site "Dieren"]
[Date "2022.07.28"]
[Round "3.15"]
[White "De Boer, Bas"]
[Black "Pijkeren, Jan"]
[Result "0-1"]
[ECO "A57"]
[WhiteElo "2136"]
[BlackElo "2196"]
[Annotator "TA"]
[PlyCount "126"]
[EventDate "2022.07.14"]
[EventType "swiss"]
[EventCountry "NED"]
[SourceTitle "playchess.com"]
[Source "ChessBase"]
[SourceQuality "1"]
[TimeControl "40/5400+30:1800+30"]

1. d4 Nf6 2. c4 c5 3. d5 b5 4. cxb5 a6 5. b6 e6 6. Nc3 Nxd5 7. Nxd5 exd5 8. Qxd5 Nc6 9. e4 Be7 10. Bc4 O-O 11. Nf3 Rb8 12. O-O Rxb6 13. Qh5 d6 14. b3 {[%emt 0:06:20] A57: Benko/Volga Gambit.} Bf6 {[%emt 0:09:58] [#] Threatens to win with ...g6.} 15. Ng5 $1 Bxg5 16. Bxg5 {[%emt 0:00:03] White is slightly better.} Qe8 17. Rad1 Ne5 {[%emt 0:07:19] White must now prevent ...Bg4.} 18. Be2 {[%emt 0:06:14] Inhibits Bg4.} f6 19. Qxe8 Rxe8 20. Bd2 {[%emt 0:04:05][%cal Bg5d2,Bd2a5,Ba5c3][%mdl 32] [#]} Kf8 $146 (20... Bd7 $142) ({Predecessor:} 20... Nf7 21. Ba5 Rc6 22. Rfe1 Kf8 23. f3 Bd7 24. Bc3 Rb6 25. Rd2 Bb5 26. Bd1 f5 {1-0 (37) Yermolinsky,A (2575)-Bartholomew,J (2307) Las Vegas 2002}) 21. Ba5 $16 Rc6 22. Rd2 ({White should try} 22. f4 Ng4 23. Rfe1) 22... Bg4 23. f3 $1 Bh5 24. Rfd1 Ke7 25. Bc3 {[%emt 0:00:46] This bishop pair is nice.} Rd8 26. Kf2 g5 27. h4 h6 28. Rh1 Bg6 29. hxg5 hxg5 30. g3 g4 (30... c4 $16 {might work better.}) 31. f4 $1 $18 Bxe4 32. Rh6 (32. fxe5 Bxh1 33. exf6+ Kf8 $15) 32... Nd7 33. Bxg4 d5 34. Re2 Kf7 35. f5 (35. Ba5 $1 $16 Nb6 36. Bf3) 35... Rg8 36. Bh5+ Kg7 37. Rg6+ Kf8 38. g4 {[%emt 0:00:37] Strongly threatening Rxg8+.} Rxg6 39. Bxg6 Ne5 (39... Ke7 $11 {keeps the balance.}) 40. Bh5 (40. Bxe5 $16 fxe5 41. Kg3) 40... Nf3 $11 41. Kg3 Kg7 42. Kf4 Rd6 (42... Nd4 43. Rf2 $14) 43. Kg3 Rd8 44. Ba5 Rc8 45. Rf2 Nd4 46. Bg6 c4 47. bxc4 dxc4 {[%emt 0:00:22] Hoping for ...c3.} (47... Rxc4 $5 48. Rh2 Ra4 49. Rh7+ Kg8 $11) 48. Rd2 (48. Kf4 $5 Bd3 49. Rh2 Ne6+ 50. fxe6 Kxg6 51. Rh3 $11) 48... Bd3 49. g5 Nb5 {[%emt 0:12:15] Inhibits Bc3.} ({Black should play} 49... Bxf5 $11 50. Bh5 Nb5) 50. a4 (50. Kg4 $14 {is superior.} fxg5 51. Kxg5) 50... Nd6 51. gxf6+ Kxf6 52. Kf4 Ke7 (52... Nxf5 $2 53. Bxf5 Bxf5 54. Bc3+ Ke6 55. Re2+ Kd6 56. Kxf5 $18) 53. Bb4 {[%emt 0:01:25] Ke5 is the strong threat.} Kd7 (53... Rb8 $11 {remains equal.} 54. Bc5 Rb1) 54. Ke5 $16 Ne4 55. Rh2 (55. Rxd3+ $6 cxd3 56. f6 d2 57. Bxd2 Nd6 $11) 55... Ng5 {[%emt 0:00:52] Against Rh7+} (55... c3 $2 56. Rh7+ (56. Rh3 Rc5+ 57. Bxc5 Nxc5 $16) 56... Kc6 57. Bf7 $18 (57. f6 c2 $11)) (55... Kc7 $16) 56. Kf4 $1 $18 Ne4 57. Bf7 $2 (57. Rh7+ $1 $18 {is the precise move to win.} Kc6 58. Re7) 57... Rb8 $16 58. Be6+ $1 Kc6 59. Be1 (59. Ba3 $1 $16 {stays on course. And now Rh6 would win.} Kc7 60. Bxc4 $1 Bxc4 61. Rc2 (61. Kxe4 Bd3+ 62. Kxd3 Rb3+ 63. Kd4 Rxa3 $16)) 59... Rb1 ({Better is} 59... c3 $17 {aiming for ...c2.} 60. Bxc3 Nxc3) 60. Rh6 Kc5 61. Ba5 {[%emt 0:00:17][%mdl 8192] [#]} (61. Rh1 $1 $11 {and White has nothing to worry.}) 61... Kd4 $1 $19 ({Not} 61... c3 62. Rh7 Bc2 63. Rc7+ (63. Ke5 Bxa4 64. Rc7+ Kb5 $16) 63... Kd6 64. Rd7+ Kc6 65. Ke5 Bxa4 66. Rc7+ (66. Kxe4 c2 $11) 66... Kb5 67. Bxc3 $16 (67. Kxe4 Bc2+ 68. Ke5 Re1+ 69. Kd4 Kxa5 $11)) 62. Rh8 $2 (62. Kf3 c3 63. Bxc3+ Nxc3 64. a5) 62... Rf1+ 63. Kg4 Be2+ {[%emt 0:00:10] Weighted Error Value: White=0.41/Black=0.20 (precise)} 0-1

[Event "Dutch Open 2022"]
[Site "Dieren"]
[Date "2022.07.28"]
[Round "3.16"]
[White "Baselmans, Luuk"]
[Black "Kohler, Aran"]
[Result "1-0"]
[ECO "B11"]
[WhiteElo "2256"]
[BlackElo "2121"]
[Annotator "TA"]
[PlyCount "89"]
[EventDate "2022.07.14"]
[EventType "swiss"]
[EventCountry "NED"]
[SourceTitle "playchess.com"]
[Source "ChessBase"]
[SourceQuality "1"]
[TimeControl "40/5400+30:1800+30"]

1. e4 c6 2. Nc3 d5 3. Nf3 Bg4 4. h3 Bxf3 5. Qxf3 e6 6. d3 Nf6 7. Bd2 Nbd7 {[%emt 0:01:44] B11: Caro-Kann: Two Knights Variation.} 8. O-O-O d4 9. Ne2 c5 {[%emt 0:02:44] White is slightly better.} 10. g4 Ne5 11. Qg3 Nfd7 12. f4 Nc6 {[%emt 0:00:13] [#]} 13. g5 $146 ({Predecessor:} 13. e5 Be7 14. Bg2 Nb6 15. f5 Qd7 16. Rhf1 O-O-O 17. Kb1 Rdf8 18. Nf4 Bd8 19. Nh5 {1-0 (36) Pomar Salamanca,A-Ruiz Gutierrez,M Malaga 1967}) 13... Qc7 14. h4 b5 15. h5 O-O-O 16. Bh3 c4 17. Kb1 (17. g6 $142 $1) 17... Nc5 $16 18. g6 Kb7 (18... b4 $16 {was worth a try.}) 19. gxf7 $18 Qxf7 20. Bg2 Kb6 21. e5 {[%emt 0:05:17] aiming for dxc4.} Qd7 $2 (21... Qc7 {is more resistant.} 22. Be1 cxd3) 22. dxc4 bxc4 {[%emt 0:00:25] [#]} 23. Be3 $1 d3 (23... Ka6 24. Nxd4) 24. cxd3 Nb4 25. Nc3 Nbxd3 26. Qf3 Ka5 27. Ne4 $2 ({White should play} 27. f5 $18) 27... Qb5 28. Qe2 {[%emt 0:01:36] Strongly threatening Qc2.} Nxe4 (28... Na4 $1 $11) 29. Bxe4 $16 {[%emt 0:00:21] Dancing on a razor blade.} Ba3 {[%emt 0:01:55][%cal Ra3b2] [#]} 30. Bd2+ (30. Rd2 $1 $16) 30... Ka6 $14 31. Bc3 $36 {[%emt 0:00:06][%mdl 2048] White is pushing.} Rd7 $2 {[%emt 0:01:47] [#]} ({Black should try} 31... Nxf4 $14 32. Qc2 Rhf8) 32. Ka1 $1 $18 Bc5 (32... Bb4 {keeps fighting.} 33. Bxb4 Qxb4) 33. f5 Rhd8 $2 (33... exf5 34. Bxf5 Rd5) 34. fxe6 Nf4 35. Qf3 (35. Rxd7 $2 Nxe2 36. Rxd8 Nxc3 37. bxc3 Qa5 $19) 35... Nxe6 36. Rxd7 Qxd7 37. Qe2 (37. Bxh7 $6 Ng5 38. Qf5 Nxh7 39. Qg6+ (39. Qxh7 Qd3 $18) 39... Bb6 $18) 37... Qb5 (37... Nd4 38. Qg2 (38. Qxc4+ Qb5 $16) 38... Qe7 39. Bxh7 Qxe5) 38. Bxh7 {[%emt 0:00:19] Hoping for h6. A strong pair of Bishops.} Bd4 $2 (38... Nf4 39. Qg4 Nd5) 39. Rc1 (39. Qg4 $142 Qc6 40. Be4) 39... Rd5 $2 (39... Bxc3 40. Rxc3 Kb6) 40. Qg4 Qb6 41. Bg8 Bxc3 42. Qxc4+ Qb5 43. Qc8+ Ka5 44. Qxc3+ Ka4 45. Qa3# {[%emt 0:00:47] Weighted Error Value: White=0.46/Black=0.89} 1-0

[Event "Dutch Open 2022"]
[Site "Dieren"]
[Date "2022.07.28"]
[Round "3.17"]
[White "Vogel, Jaap"]
[Black "Roorda, Thijs"]
[Result "1/2-1/2"]
[ECO "A96"]
[WhiteElo "2147"]
[BlackElo "2113"]
[Annotator "TA"]
[PlyCount "33"]
[EventDate "2022.07.14"]
[EventType "swiss"]
[EventCountry "NED"]
[SourceTitle "playchess.com"]
[Source "ChessBase"]
[SourceQuality "1"]
[TimeControl "40/5400+30:1800+30"]

1. d4 e6 2. Nf3 f5 3. g3 Nf6 4. Bg2 Be7 5. O-O O-O 6. c4 d6 7. Nc3 Ne4 8. Nxe4 {[%emt 0:04:34] A96: Classical Dutch: Fluid Systems: Early deviations.} fxe4 9. Nd2 (9. Ne1 $5 ) 9... d5 10. f3 Nc6 11. fxe4 {[%emt 0:00:29] Strongly threatening e3.} Rxf1+ 12. Nxf1 dxc4 13. Be3 Bd7 14. e5 Rb8 15. Rc1 Be8 {[%emt 0:05:39] [#]} 16. Rxc4 $146 ({Predecessor:} 16. Be4 b5 17. b3 cxb3 18. Bxc6 Bxc6 19. Rxc6 bxa2 20. Qa1 b4 21. Qxa2 b3 22. Qb1 {1-0 (46) Stefanova,A (2522)-O'Grady,G (1894) England 2015}) 16... Nxe5 $1 17. Rc1 {[%emt 0:00:21] Weighted Error Value: White=0.06 (flawless) /Black=0.07 (flawless)} 1/2-1/2